 Dungeon Crawl Stone Soup version 0.28-a0-1629-gf728b707aa (webtiles) character file.

Game seed: 6509595251928295337

26 HallandMoats the Skirmisher (level 3, 31/31 HPs)
             Began as a Ghoul Fighter on Jan 25, 2022.
             Was a Follower of Fedhas.
             Safely got out of the dungeon.
             The game lasted 00:01:10 (1190 turns).

HallandMoats the Skirmisher (Ghoul Fighter)         Turns: 1190, Time: 00:01:10

Health: 31/31      AC:  9    Str: 19    XL:     3   Next: 8%
Magic:  2/2        EV:  7    Int:  5    God:    Fedhas [*.....]
Gold:   49         SH:  7    Dex:  8    Spells: 2/2 levels left

rFire   . . .      SeeInvis .   a - +0 trident
rCold   + . .      Faith    .   f - +0 kite shield
rNeg    + + +      Spirit   .   b - +0 scale mail
rPois   ∞          Reflect  .   (no helmet)
rElec   .          Harm     .   h - +2 cloak
rCorr   .          Rampage  .   (no gloves)
Will    .....                   (no boots)
Stlth   ..........              (no amulet)
HPRegen 0.10/turn               (no ring)
MPRegen 0.08/turn               (no ring)

@: no status effects
A: claws 1, cold resistance 1, negative energy resistance 3, inhibited
regeneration, torment resistance 2
a: Renounce Religion


You escaped.
You worshipped Fedhas.
Fedhas was aware of your devotion.
You visited 1 branch of the dungeon, and saw 2 of its levels.

You collected 49 gold pieces.

Inventory:

Hand Weapons
 a - a +0 trident (weapon)
Armour
 b - a +0 scale mail (worn)
 f - a +0 kite shield (worn)
 h - a +2 cloak (worn)
Scrolls
 g - a scroll of teleportation {unknown}
Potions
 c - 2 potions of curing {unknown}
 d - a potion of might
 e - a potion of cancellation {unknown}


   Skills:
 + Level 3.4 Fighting
 * Level 2.2 Polearms
 + Level 2.8 Armour
 + Level 0.5 Dodging
 + Level 2.8 Shields
 * Level 1.2 Invocations


You had 2 spell levels left.
You didn't know any spells.
Your spell library contained the following spells:

 Spells                   Type           Power      Damage    Failure   Level
 Apportation              Tloc           0%         N/A       99%         1
 Call Canine Familiar     Summ           0%         N/A       100%        3
 Portal Projectile        Hex/Tloc       0%         N/A       100%        3
 Leda's Liquefaction      Hex/Erth       0%         N/A       100%        4
 Alistair's Intoxication  Tmut/Pois      0%         N/A       100%        5


Dungeon Overview and Level Annotations

Branches:
Dungeon (2/15)

Altars:
Fedhas


Innate Abilities, Weirdness & Mutations

You thrive by killing the living.
You are immune to poison.
You have sharp fingernails.
Your flesh is cold resistant. (rC+)
You are immune to negative energy. (rN+++)
You do not regenerate when monsters are visible.
You are immune to unholy pain and torment.


Message History

No target in view!
No target in view!
No target in view!
No target in view!
No target in view!
No target in view!
Found a pair of gloves.
Found a faded altar of an unknown god.
A goblin comes into view. It is wielding a +0 dagger.
A goblin is nearby!
A goblin is nearby!
The goblin shouts!
You closely miss the goblin. You block the goblin's attack.
You miss the goblin. The goblin closely misses you.
The goblin hits you but does no damage.
You puncture the goblin!
You kill the goblin!
No target in view!
No target in view!
No target in view!
No target in view!
No target in view!
No target in view!
No target in view!
No target in view!
No target in view!
There is a faded altar of an unknown god here.
You cannot tell which god this altar belongs to.
Convert to them anyway?
Fedhas accepts your prayer! Fedhas welcomes you!
The plants of the dungeon cease their hostilities.
(D) Dungeon
Where to? (Enter - D:2, ? - help)
What level of the Dungeon? (default 1, ? - help)
There is a stone staircase leading up here.
You climb upwards.
There is a stone staircase leading down here.
There is an open door here.
There is a staircase leading out of the dungeon here.
Are you sure you want to leave the Dungeon?
This will make you lose the game!
You have escaped!

.....###########
#..............#
#.##.#########.####
#.##..........#..(#
..################# ### ###
#.### #.# ###.# #
##..####'####..########## #
###..'...'..####........ #
####.@.#### ######.#.
###..'...'..#####.......
##..####'####..##..>...#.
##.### #.# ###.#...##.#.
#.## #.## ####......... #.#
#..# #..........#.
#.#######..###.##[....#.#.
#...............#.....#.#.
######.####..###............


There were no monsters in sight!

Vanquished Creatures
  A worm (D:2)
  A ball python (D:1)
  2 giant cockroaches (D:1)
  A hobgoblin (D:1)
  2 jackals (D:2)
  3 bats (D:1)
  5 frilled lizards (D:1)
  6 goblins
  A kobold (D:1)
  A rat (D:1)
23 creatures vanquished.

Notes
Turn   | Place    | Note
-------+----------+-------------------------------------------
     0 | D:1      | HallandMoats the Ghoul Fighter began the quest for the Orb.
     0 | D:1      | Reached XP level 1. HP: 19/19 MP: 0/0
   366 | D:1      | Reached XP level 2. HP: 23/26 MP: 1/1
   770 | D:1      | Reached skill level 1 in Invocations
  1045 | D:2      | Reached XP level 3. HP: 29/31 MP: 2/2
  1051 | D:2      | Found a faded altar of an unknown god.
  1058 | D:2      | Prayed at the altar of an unknown god.
  1058 | D:2      | Became a worshipper of Fedhas Madash
  1058 | D:2      | Reached * piety under Fedhas
  1190 | D:$      | Safely got out of the dungeon.

Illustrated notes

Levels and vault maps discovered:
D:1:      dpeg_arrival_radiant, layout_loops_ring
D:2:      layout_basic, ebering_ecumenical_altar_box

Skill      XL: |  1  2 |
---------------+-------+-----
Polearms       | 2 |  2.2
Invocations    | 1 |  1.2
Fighting       | |  3.4
Armour         | |  2.8
Dodging        | |  0.5
Shields        | |  2.8

Action                   || total
-------------------------++-------
Melee: Trident           ||    74
Armor: Scale mail        ||    34
Dodge: Dodged            ||    22
Block: Kite shield       ||    23

Table legend: (Time is in decaauts)
 A = Elapsed time spent in this place.
 B = Non-inter-level travel time spent in this place.
 C = Inter-level travel time spent in this place.
 D = Time resting spent in this place.
 E = Time spent auto-exploring this place.
 F = Levels seen in this place.
 G = Mean time per level.
                   A        B        C        D        E       F      G
               +--------+--------+--------+--------+--------+-----+--------+
         Total |   1218 |   1009 |    209 |      0 |    818 |   2 |  609.0 |
       Dungeon |   1218 |   1009 |    209 |      0 |    818 |   2 |  609.0 |
               +--------+--------+--------+--------+--------+-----+--------+

Top non-repeatable levels by time:
     D:1: 1016 daAuts
     D:2: 201 daAuts
